 Dungeon Crawl Stone Soup version 0.31-a0-496-g6f97920a28 (webtiles) character file.

Game seed: 3683814183622560045

661 MisterAzrael the Cudgeller (level 7, -2/70 HPs)
             Began as an Ogre Berserker on Aug 8, 2023.
             Was a Priest of Trog.
             Succumbed to a water moccasin's poison
             ... on level 5 of the Dungeon.
             The game lasted 00:04:40 (5070 turns).

MisterAzrael the Cudgeller (Ogre Berserker)         Turns: 5070, Time: 00:04:41

Health: -2/70      AC:  3    Str: 24    XL:     7   Next: 56%
Magic:  7/7        EV: 10    Int:  8    God:    Trog [***...]
Gold:   255        SH:  0    Dex:  8    Spells: 6/6 levels left

rFire   . . .        a - +0 mace
rCold   . . .        q - orb {light}
rNeg    . . .        b - +0 animal skin
rPois   .            (helmet restricted)
rElec   .            (no cloak)
rCorr   +            (gloves unavailable)
SInv    .            (boots unavailable)
Will    ++...        (no amulet)
Stlth   +            i - ring of resist corrosion
HPRegen 1.31/turn    (no ring)
MPRegen 0.10/turn

%: no passive effects
@: lethally poisoned (-2 -> -11), strong-willed, regenerating, glowing
A: large, unfitting armour, tough skin 1, horns 1, evolution 1
a: Renounce Religion, Berserk, Trog's Hand


You were on level 5 of the Dungeon.
You worshipped Trog.
Trog was most pleased with you.
You visited 1 branch of the dungeon, and saw 5 of its levels.

You collected 255 gold pieces.

Inventory:

Hand Weapons
 a - a +0 mace (weapon)
 t - a +0 triple crossbow
Armour
 b - a +0 animal skin (worn)
 o - an orb of guile
 q - an orb of light (worn)
Jewellery
 i - a ring of resist corrosion (left hand)
Wands
 g - a wand of paralysis (2) (quivered)
Scrolls
 e - 4 scrolls of identify {unknown}
 f - 2 scrolls of vulnerability {unknown}
 h - 2 scrolls of noise {unknown}
 j - 3 scrolls of poison {unknown}
 l - a scroll of enchant armour {unknown}
 n - a scroll of immolation {unknown}
 p - a scroll of silence {unknown}
 r - a scroll of amnesia {unknown}
Potions
 c - 2 potions of heal wounds
 d - a potion of cancellation
 m - a potion of haste {unknown}
 s - a potion of berserk rage {unknown}
 u - a potion of degeneration {unknown}


   Skills:
 - Level 4.2 Fighting
 * Level 6.6 Maces & Flails
 + Level 3.9 Throwing
 - Level 2.9 Dodging


You had 6 spell levels left.
You didn't know any spells.
Your spell library was empty.

Dungeon Overview and Level Annotations

Branches:
Dungeon (5/15)
 Temple: D:4-7

Altars:
Elyvilon
Sif Muna

Annotations:
D:4 3 runed translucent doors, HallandMoats's ghost, amateur DsMo


Innate Abilities, Weirdness & Mutations

You are too large for most types of armour.
You have tough skin. (AC +1)
You have a pair of small horns on your head.
You have hidden genetic potential.


Message History

The water moccasin poisons you! The adder bites you.
Aiming: Paralyse
Press: ? - help, Q - select action, (/) - cycle Shift-Dir - straight line, f - adder
Aim: an adder (haloed, chance to affect: 57%)
Okay, then.
The adder attacks as you move away! The adder bites you.
The water moccasin attacks as you move away!
The water moccasin bites you.
You feel extremely sick. The orc hits you with a +0 dagger.
You feel very sick. The water moccasin bites you!
* * * LOW HITPOINT WARNING * * *
You are more poisoned.
The water moccasin poisons you!
It was a potion of heal wounds.
You feel much better.
You feel extremely sick. The orc barely misses you.
The water moccasin closely misses you.
It was a potion of cancellation.
You feel magically purged.
You feel very sick. The water moccasin bites you!
* * * LOW HITPOINT WARNING * * *
You are more poisoned.
The water moccasin poisons you! The orc hits you with a +0 dagger.
* * * LOW HITPOINT WARNING * * *
The water moccasin bites you!
* * * LOW HITPOINT WARNING * * *
It was a potion of mutation.
You feel extremely strange. A pair of horns grows on your head!
You feel a hidden potential growing inside you.
* * * LOW HITPOINT WARNING * * *
You feel extremely sick. The orc barely misses you.
The water moccasin barely misses you.
Your skin crawls.
You feel strong-willed.
* * * LOW HITPOINT WARNING * * *
You feel very sick. The orc hits you but does no damage.
The water moccasin misses you. The orc attacks as you move away!
The orc hits you but does no damage.
You die...

#################
#................
#..##...#....####
#@# #...#....#
#.###..##....#####
#So....###........
#S....##
#...#..รท. #)..###
#...#.... #.####
##..##...
#....#### #..####.
#.......# ##......
#...........
##.....


You could see a water moccasin, an adder and an orc.

Vanquished Creatures
  Eustachio (D:5)
  A black bear (D:4)
  A phantom (D:5)
  A hound (D:4)
  An orc priest (D:5)
  Terence (D:3)
  2 orc wizards (D:4)
  2 sleepcaps (D:4)
  A gnoll (D:4)
  7 adders
  2 worms
  4 dart slugs
  13 orcs
  7 endoplasms
  2 giant cockroaches (D:4)
  10 goblins
  8 hobgoblins
  4 jackals
  5 kobolds (D:1)
  3 quokkas
  3 ball pythons
  9 bats
  6 frilled lizards
  5 rats
99 creatures vanquished.

Notes
Turn   | Place    | Note
-------+----------+-------------------------------------------
     0 | D:1      | MisterAzrael the Ogre Berserker began the quest for the
                  | Orb.
     0 | D:1      | Reached XP level 1. HP: 24/24 MP: 1/1
   115 | D:1      | Reached XP level 2. HP: 12/32 MP: 2/2
   334 | D:1      | Reached skill level 3 in Maces & Flails
   615 | D:1      | Reached ** piety under Trog
   665 | D:1      | Reached XP level 3. HP: 39/39 MP: 3/3
  1076 | D:2      | Found a faded altar of an unknown god.
  1362 | D:2      | Reached skill level 4 in Maces & Flails
  1362 | D:2      | Reached XP level 4. HP: 31/48 MP: 4/4
  2279 | D:3      | Reached skill level 1 in Throwing
  2380 | D:3      | Identified the +0 ring mail "Ruist" {rC- rCorr Str+3}
  2605 | D:3      | Noticed Terence
  2616 | D:3      | Killed Terence
  2617 | D:3      | Reached XP level 5. HP: 29/54 MP: 5/5
  3259 | D:3      | Found a white marble altar of Elyvilon.
  3332 | D:4      | Reached *** piety under Trog
  3625 | D:4      | Reached skill level 5 in Maces & Flails
  3852 | D:4      | Found a shimmering blue altar of Sif Muna.
  3864 | D:4      | Reached XP level 6. HP: 62/62 MP: 6/6
  3956 | D:4      | Found a runed translucent gate.
  3957 | D:4      | Found a runed translucent gate.
  3957 | D:4      | Found a runed translucent gate.
  3960 | D:4      | Noticed HallandMoats's ghost (amateur DsMo)
  4274 | D:4      | Noticed a black bear
  4290 | D:4      | Killed a black bear
  4597 | D:5      | Entered Level 5 of the Dungeon
  4685 | D:5      | Noticed Eustachio
  4695 | D:5      | Killed Eustachio
  4696 | D:5      | Reached skill level 6 in Maces & Flails
  4696 | D:5      | Reached XP level 7. HP: 53/70 MP: 7/7
  5068 | D:5      | Gained mutation: You have a pair of small horns on your
                  | head. [potion of mutation]
  5068 | D:5      | Gained mutation: You have hidden genetic potential. [potion
                  | of mutation]
  5069 | D:5      | HP: 1/70 [poisoned by a water moccasin]
  5070 | D:5      | Succumbed to a water moccasin's poison

Illustrated notes

Levels and vault maps discovered:
D:1:      lightli_iron_boxes, layout_loops_ring, nrook_uturn
D:2:      layout_loops_ring, nicolae_ecumenical_pavilion, serial_aquarium,
          aquarium_bridge_long_separate [aquarium_subvault_wall,
          aquarium_subvault_window, aquarium_subvault_bridge,
          aquarium_subvault_bridge, aquarium_subvault_wall,
          aquarium_subvault_wall], aquarium_window_1, aquarium_window_1,
          aquarium_view_2b, aquarium_balcony_double_1, minmay_domino_4
D:3:      layout_loops_corners, nicolae_elyvilon_temple_path, uniq_terence
D:4:      layout_loops_ring, led_sif_book, gammafunk_ghost_necromancy,
          minmay_box_of_dots
D:5:      minmay_recursive_quarters, layout_basic, mainiacjoe_overflow_alcove_1,
          uniq_eustachio, uniq_grinder

Skill      XL: |  1  2  3  4  5  6 |
---------------+-------------------+-----
Maces & Flails | 3 4 5 6 |  6.6
Throwing       | 1 2 3 |  3.9
Fighting       | |  4.2
Dodging        | |  2.9

Action                     |  1- 3 |  4- 6 |  7- 9 || total
---------------------------+-------+-------+-------++-------
  Melee: Mace              |   131 |   215 |    19 ||   365
         Punch             |     3 |       |       ||     3
  Throw: Javelin           |       |     3 |       ||     3
 Invoke: Trog's Hand       |       |     1 |     1 ||     2
         Berserk           |       |     1 |       ||     1
  Evoke: Wand              |       |       |     2 ||     2
    Use: Potion            |       |       |     3 ||     3
   Stab: Sleeping          |     1 |     1 |       ||     2
         Paralysed         |       |       |     4 ||     4
 Armour: Animal skin       |    56 |    73 |     7 ||   136
  Dodge: Dodged            |    94 |   124 |    27 ||   245

Table legend: (Time is in decaauts)
 A = Elapsed time spent in this place.
 B = Non-inter-level travel time spent in this place.
 C = Inter-level travel time spent in this place.
 D = Time resting spent in this place.
 E = Time spent auto-exploring this place.
 F = Levels seen in this place.
 G = Mean time per level.
                   A        B        C        D        E       F      G
               +--------+--------+--------+--------+--------+-----+--------+
         Total |   5143 |   5039 |    104 |   1049 |   3196 |   5 | 1028.6 |
       Dungeon |   5143 |   5039 |    104 |   1049 |   3196 |   5 | 1028.6 |
               +--------+--------+--------+--------+--------+-----+--------+

Top non-repeatable levels by time:
     D:4: 1332 daAuts
     D:2: 1195 daAuts
     D:1: 1100 daAuts
     D:3: 1038 daAuts
     D:5: 476 daAuts
